AoeStats
← opdolce

Socotra

505709700Analyzed
3v3 RM · 22d ago on Sep 10, 2026· 31m 55s· 6 players
Game mode
Random Map
Map size
128×128
Population
200
Speed
Normal
Resources
Standard
Victory
Conquest
Starting age
Dark Age
Ending age
Imperial Age
RankedLock teamsTeams togetherTeam positionsShared explorationLock speedFull tech treeHidden civsTurbo modeCheats
Victory
Defeat
🇫🇮 Maya · Finland
951
+12
🇫🇮 Sicilians · Finland
950
+12
🇫🇮 Gurjaras · Finland
778
+42
🇳🇱 Japanese · Netherlands
859
-14
🇳🇱 Koreans · Netherlands
856
-14
🇫🇷 Muisca · France
849
-14
moose45
14:23 Feudal Age
17:37 Loom
19:06 Double-Bit Axe
19:18 Horse Collar
19:34 Gold Mining
23:49 Castle Age
23:56 Forging
26:06 Stone Mining
27:03 Town Watch
28:55 Bow Saw
30:51 Heavy Plow
31:29 Wheelbarrow
31:57 Masonry
BabassLaMenace
5:27 Loom
10:44 Feudal Age
16:57 Castle Age
16:12 Double-Bit Axe
17:26 Gold Mining
17:56 Bow Saw
19:45 Horse Collar
22:22 Heavy Plow
25:54 Fletching
26:14 Padded Archer Armor
26:33 Crossbowman
28:35 Bodkin Arrow
28:56 Leather Archer Armor
30:25 Gold Mining
31:30 Ballistics
31:52 Thumb Ring
laurens
1:47 Loom
10:21 Feudal Age
10:43 Horse Collar
10:51 Double-Bit Axe
16:23 Stone Mining
19:35 Gold Mining
21:25 Wheelbarrow
21:23 Scale Mail Armor
22:15 Arson
26:36 Castle Age
25:31 Forging
27:13 Scale Barding Armor
27:38 Husbandry
28:33 Heavy Plow
30:57 Bow Saw
FVRIVS
0:25 Loom
9:46 Feudal Age
10:01 Man-at-Arms
12:30 Double-Bit Axe
13:02 Horse Collar
20:53 Castle Age
19:32 Gold Mining
20:44 Fletching
20:55 Scale Mail Armor
22:08 Wheelbarrow
20:56 Crossbowman
22:02 Bow Saw
22:38 Bodkin Arrow
23:17 Heavy Plow
23:52 Town Watch
25:23 Chain Mail Armor
25:09 Eagle Warrior
25:51 Squires
27:17 Stone Mining
29:00 Ballistics
31:08 Thumb Ring
KipeeUkkeli2000
3:30 Loom
13:30 Feudal Age
18:15 Gold Mining
18:16 Stone Mining
18:15 Double-Bit Axe
21:35 Wheelbarrow
22:58 Scale Barding Armor
24:12 Fletching
28:06 Castle Age
27:57 Bloodlines
28:12 Forging
31:56 Gold Shaft Mining
31:56 Stone Shaft Mining
31:34 Bow Saw
31:09 Horse Collar
31:01 Light Cavalry
31:43 Husbandry
32:10 Heavy Plow
opdolce
7:54 Loom
10:28 Feudal Age
11:48 Wheelbarrow
12:59 Double-Bit Axe
20:16 Fletching
22:51 Forging
24:30 Horse Collar
25:17 Gold Mining
29:16 Castle Age
28:03 Stone Mining
29:52 Bodkin Arrow
29:33 Crossbowman
30:27 Padded Archer Armor
31:59 Scale Mail Armor
Connection lost

Rejoining the realm…

Still unreachable

The connection could not be restored.

Session expired

The server has moved on; the page needs a fresh start.